AoeStats
← Fries

MegaRandom

510352475Analyzed
4v4 RM · 1d ago on Sep 30, 2026· 44m 38s· 8 players
Game mode
Random Map
Map size
Large (8 player)
Population
200
Speed
Normal
Resources
Standard
Victory
Conquest
Starting age
Dark Age
Ending age
Imperial Age
RankedLock teamsTeams togetherTeam positionsShared explorationLock speedFull tech treeHidden civsTurbo modeCheats
Victory
Defeat
🇦🇷 Persians · Argentina
1614
+13
🇦🇷 Lithuanians · Argentina
1449
+19
🇦🇷 Danes · Argentina
1433
+20
🇦🇷 Saxons · Argentina
1418
+21
🇹🇼 Franks · Taiwan
1567
-20
🇯🇵 Varangians · Japan
1550
-19
🇦🇷 Mongols · Argentina
1514
-18
🇦🇷 Burgundians · Argentina
1481
-16
elchinaleikazo
2:11 Loom
6:42 Double-Bit Axe
8:33 Wheelbarrow
24:09 Feudal Age
26:15 Bow Saw
25:47 Horse Collar
25:57 Town Watch
29:52 Hand Cart
33:35 Castle Age
32:19 Heavy Plow
39:31 Padded Archer Armor
45:20 Two-Man Saw
Fries
3:22 Loom
10:50 Feudal Age
12:53 Double-Bit Axe
15:09 Castle Age
27:45 Wheelbarrow
27:29 Scale Barding Armor
29:08 Chain Barding Armor
31:37 Forging
31:50 Hand Cart
37:38 Imperial Age
35:43 Stone Mining
36:50 Iron Casting
37:14 Husbandry
38:27 Cavalier
40:26 Plate Barding Armor
41:43 Bow Saw
41:24 Town Watch
Chicken Castle
5:49 Loom
9:01 Feudal Age
9:38 Double-Bit Axe
9:54 Horse Collar
14:28 Bloodlines
14:40 Bloodlines
16:28 Forging
22:36 Castle Age
22:06 Scale Barding Armor
24:42 Husbandry
25:24 Gold Mining
26:43 Wheelbarrow
32:15 Bow Saw
32:06 Heavy Plow
40:15 Imperial Age
38:27 Stone Mining
39:53 Chain Barding Armor
40:09 Iron Casting
39:27 Town Watch
40:37 Stone Shaft Mining
40:34 Fletching
40:28 Cavalier
43:38 Bodkin Arrow
45:28 Plate Barding Armor
ELCOCHINOTE
6:40 Loom
8:55 Feudal Age
9:31 Double-Bit Axe
19:41 Castle Age
18:29 Fletching
19:17 Padded Archer Armor
20:25 Bodkin Arrow
26:59 Bloodlines
32:21 Husbandry
38:52 Gold Mining
42:20 Imperial Age
40:50 Leather Archer Armor
41:55 Ballistics
43:24 Bracer
43:57 Parthian Tactics
45:32 Chemistry
pastorcito
8:56 Feudal Age
7:12 Loom
9:48 Double-Bit Axe
10:11 Horse Collar
17:20 Wheelbarrow
17:37 Scale Barding Armor
20:02 Bloodlines
21:42 Forging
24:13 Castle Age
23:10 Gold Mining
25:22 Chain Barding Armor
25:37 Iron Casting
26:02 Husbandry
31:15 Husbandry
32:07 Bow Saw
40:15 Town Watch
ElpeluquerodeCapoch
6:20 Loom
9:26 Feudal Age
9:31 Man-at-Arms
12:37 Horse Collar
17:11 Wheelbarrow
18:10 Scale Mail Armor
18:20 Forging
18:27 Arson
19:41 Town Watch
24:09 Castle Age
22:43 Fletching
25:24 Chain Mail Armor
25:01 Long Swordsman
25:36 Double-Bit Axe
27:47 Hand Cart
29:34 Bow Saw
29:39 Squires
32:53 Heavy Plow
34:10 Bodkin Arrow
34:51 Iron Casting
34:36 Gambesons
36:05 Town Patrol
41:09 Imperial Age
41:24 Capped Ram
42:40 Plate Mail Armor
43:16 Blast Furnace
42:43 Elite Varangian Guard
44:58 Conscription
43:59 Hamask
Enlassombras
6:46 Loom
9:18 Feudal Age
10:17 Town Watch
12:02 Double-Bit Axe
13:26 Fletching
18:16 Wheelbarrow
21:05 Castle Age
20:00 Padded Archer Armor
19:59 Gold Mining
19:51 Horse Collar
21:21 Crossbowman
22:01 Bodkin Arrow
25:31 Ballistics
25:48 Leather Archer Armor
30:26 Hand Cart
37:31 Imperial Age
35:32 Thumb Ring
37:19 Bow Saw
37:42 Arbalester
40:23 Chemistry
41:06 Bracer
42:03 Conscription
gabi98bac
6:15 Loom
33:46 Feudal Age
34:37 Double-Bit Axe
34:34 Horse Collar
37:43 Castle Age
36:39 Gold Mining
38:19 Forging
39:28 Bloodlines
39:19 Husbandry
41:13 Iron Casting
40:45 Scale Barding Armor
42:11 Wheelbarrow
41:21 Town Watch
Connection lost

Rejoining the realm…

Still unreachable

The connection could not be restored.

Session expired

The server has moved on; the page needs a fresh start.